cohdb
Replays
Latest Replays
All Replays
Popular Replays
Top Player Replays
Match Explorer
How It Works
Community
CoH3 Stats
Reddit
Sign in to upload your games and track your stats! →
Sign in with Steam
Match 42419909
Unlisted
Match 42419909
Overview
Messages
Build Orders
End
Scout Squad
Selects Airborne Battlegroup
Selects Pathfinders
Selects Smoke Bombing Run
Construct Weapon Support Center
M1919 Machine Gun Team
Bazooka Squad
M1919 Machine Gun Team
Mechanized Support Center
M3 Armored Personnel Carrier
Designate Forward Repair Station
Engineer Squad
We are currently clear on OPSEC
UMirinBrah?
Dark Angels
Tirant
Ares
Typecheck
Zerg6412
magazinwastaken
0
0
Comments
sign in to comment!
No comments posted yet!